 Dungeon Crawl Stone Soup version 0.30-a0-263-ge22c4ad894 (webtiles) character file.

Game seed: 5468321647003978670

8166 boo the Severer (level 11, 0/101 HPs)
             Began as a Hill Orc Fighter on Oct 13, 2022.
             Slain by a troll (12 damage)
             ... on level 8 of the Dungeon.
             The game lasted 00:23:11 (10460 turns).

boo the Severer (Hill Orc Fighter)                 Turns: 10460, Time: 00:23:11

Health: 0/101      AC: 15    Str: 24    XL:     11   Next: 26%
Magic:  11/11      EV:  9    Int:  8    God:
Gold:   745        SH:  5    Dex: 10    Spells: 10/10 levels left

rFire   + . .      SeeInvis +    y - +5 war axe
rCold   + . .      Faith    .    c - +0 buckler
rNeg    . . .      Spirit   .    b - +0 scale mail
rPois   .          Reflect  .    (no helmet)
rElec   .          Harm     .    w - scarf {rC+ rF+}
rCorr   .          Rampage  .    v - +0 pair of gloves
Will    .....                    k - +0 pair of boots
Stlth   ..........               G - amulet of regeneration
HPRegen 1.16/turn                B - ring of see invisible
MPRegen 0.12/turn                j - +4 ring of protection

@: no status effects
A: no striking features
a: no special abilities


You were on level 8 of the Dungeon.
You visited 2 branches of the dungeon, and saw 11 of its levels.

You collected 745 gold pieces.

Inventory:

Hand Weapons
 a - a +0 war axe
 y - a +5 war axe (weapon)
 N - a +3 scimitar of flaming
Missiles
 m - 6 throwing nets (quivered)
Armour
 b - a +0 scale mail (worn)
 c - a +0 buckler (worn)
 k - a +0 pair of boots (worn)
 v - a +0 pair of gloves (worn)
 w - a scarf of resistance (worn)
 K - a +1 cloak
Jewellery
 f - a +4 ring of slaying
 j - a +4 ring of protection (right hand)
 l - a +6 ring of dexterity
 B - a ring of see invisible (left hand)
 G - an amulet of regeneration (around neck)
 I - a +4 ring of protection
 L - a ring of protection from cold
Wands
 u - a wand of iceblast (16)
 A - a wand of digging (4)
 H - a wand of mindburst (22)
Scrolls
 e - 5 scrolls of teleportation
 g - 2 scrolls of blinking {unknown}
 h - 2 scrolls of amnesia {unknown}
 i - 4 scrolls of enchant armour {unknown}
 n - 3 scrolls of fear
 o - 5 scrolls of noise {unknown}
 t - a scroll of torment {unknown}
 x - a scroll of immolation {unknown}
 z - 3 scrolls of identify {unknown}
 E - a scroll of vulnerability {unknown}
 F - a scroll of fog {unknown}
 O - 2 scrolls of enchant weapon {unknown}
 P - a scroll of magic mapping {unknown}
Potions
 d - 2 potions of might
 p - 3 potions of brilliance {unknown}
 q - 5 potions of curing {unknown}
 r - a potion of berserk rage
 s - a potion of heal wounds {unknown}
 C - a potion of mutation {unknown}
 D - 3 potions of lignification {unknown}
 J - a potion of haste {unknown}
 M - a potion of degeneration {unknown}
 Q - a potion of cancellation {unknown}
 R - a potion of attraction {unknown}


   Skills:
 + Level 10.4 Fighting
 * Level 15.0 Axes
 + Level 9.6 Armour
 - Level 6.6 Shields


You had 10 spell levels left.
You didn't know any spells.
Your spell library contained the following spells:

 Spells                   Type           Power      Damage    Failure   Level
 Foxfire                  Conj/Fire      0%         2x1d4     75%         1
 Necrotise                Necr           0%         1d4       75%         1
 Gell's Gravitas          Tloc           0%         N/A       98%         3
 Inner Flame              Hex/Fire       0%         N/A       98%         3
 Lesser Beckoning         Tloc           0%         N/A       98%         3
 Portal Projectile        Hex/Tloc       0%         N/A       98%         3
 Teleport Other           Tloc           0%         N/A       98%         3
 Tukima's Dance           Hex            0%         N/A       98%         3
 Cause Fear               Hex            0%         N/A       100%        4
 Olgreb's Toxic Radiance  Pois           0%         N/A       100%        4
 Blade Hands              Tmut           0%         N/A       100%        5
 Borgnjor's Vile Clutch   Necr/Erth      0%         N/A       100%        5
 Fireball                 Conj/Fire      0%         3d3       100%        5
 Starburst                Conj/Fire      0%         6d3       100%        6
 Malign Gateway           Summ/Tloc      0%         N/A       100%        7
 Ozocubu's Refrigeration  Ice            0%         4d7       100%        7
 Borgnjor's Revivificati  Necr           0%         N/A       100%        8
 Discord                  Hex            0%         N/A       100%        8
 Ignition                 Fire           0%         3d3       100%        8
 Summon Horrible Things   Summ           0%         N/A       100%        8


Dungeon Overview and Level Annotations

Branches:
Dungeon (10/15)            Temple (1/1) D:7
   Lair: D:8-11         Orc: D:9-12

Altars:
Ashenzari
Dithmenos
Elyvilon
Fedhas
Gozag
Hepliaklqana
Kikubaaqudgha
Qazlal
Ru
Sif Muna
Trog
Vehumet
Wu Jian
Xom
Yredelemnul
Zin
The Shining One

Shops:
D:8 *   D:10 *

Annotations:
D:3 exclusion: downstairs
D:10 2 transporters, exclusion: orange crystal statue, HilariousDeathArtist's ghost, journeyman GrAr


Message History

The troll attacks as you move away! The troll bites you! The troll claws you.
The troll claws you but does no damage. The troll attacks as you move away!
The troll barely misses you. The troll claws you. The troll claws you!
The troll attacks as you move away! The troll closely misses you.
The troll claws you. You block the troll's attack.
The troll attacks as you move away! The troll bites you but does no damage.
You block the troll's attack. The troll claws you but does no damage.
The troll attacks as you move away! The troll bites you.
The troll closely misses you. The troll claws you but does no damage.
The troll attacks as you move away! The troll bites you! The troll claws you!
* * * LOW HITPOINT WARNING * * *
The troll claws you but does no damage.
There is a stone staircase leading down here.
The troll attacks as you move away! The troll closely misses you. x2
You block the troll's attack. The troll attacks as you move away!
You block the troll's attack. The troll claws you!
* * * LOW HITPOINT WARNING * * *
The troll claws you.
* * * LOW HITPOINT WARNING * * *
There is a stone staircase leading up here.
The troll bites you!
* * * LOW HITPOINT WARNING * * *
You block the troll's attack. The troll claws you but does no damage.
You climb upwards.
There is a stone staircase leading down here.
You barely miss the troll. The troll bites you.
* * * LOW HITPOINT WARNING * * *
The troll claws you but does no damage. x2
You slash the troll!
The troll is moderately wounded.
The troll bites you!
* * * LOW HITPOINT WARNING * * *
The troll barely misses you. The troll claws you.
* * * LOW HITPOINT WARNING * * *
You slash the troll!
The troll is heavily wounded.
The troll bites you!
You die...

#####
#...#########
#.#.........#
#...#######.#
##.##
##.###########
#.#
##.....@T.>...#
#.#
#.............#
#.#
##...########.#
#.# ##.## #.#
##.# #.# #.#
##..# ######.#
#.# #.#.#
#......# #.#
##.## #.######
######.# #.#
#.# #......#


You could see a troll.

Vanquished Creatures
  Harold (D:9)
  Erica (D:9)
  Maurice (D:9)
  Joseph (D:9)
  An unseen horror (D:10)
  Prince Ribbit (D:5)
  A hornet (D:9)
  A shadow (D:10)
  A wyvern (D:5)
  Menkaure (D:4)
  2 water moccasins
  3 ice beasts (D:5)
  2 black bears
  An orc warrior (D:10)
  2 sky beasts (D:6)
  2 ogres
  4 centaurs
  4 phantoms
  4 kobold brigands
  3 bullfrogs
  7 scorpions
  2 necrophages
  A gnoll sergeant (D:4)
  8 wights (D:7)
  19 killer bees
  2 howler monkeys
  4 jellies
  2 hounds
  6 orc priests
  5 iguanas
  13 orc wizards
  3 gnolls
  8 adders
  2 shadow imps (D:7)
  2 white imps
  3 ufetubi
  4 worms
  47 orcs
  5 ball pythons
  3 bats
  9 endoplasms
  2 giant cockroaches
  5 goblins
  3 hobgoblins
  2 quokkas
  3 frilled lizards
  19 kobolds
  5 rats
231 creatures vanquished.

Vanquished Creatures (others)
  A howler monkey (D:7)
  2 orc wizards
3 creatures vanquished.

Grand Total: 234 creatures vanquished

Notes
Turn   | Place    | Note
-------+----------+-------------------------------------------
     0 | D:1      | boo the Hill Orc Fighter began the quest for the Orb.
     0 | D:1      | Reached XP level 1. HP: 19/19 MP: 1/1
     6 | D:1      | Noticed an imperial myrmidon
     6 | D:1      | Noticed a tyrant leech
     6 | D:1      | Noticed an iguana
     7 | D:1      | Noticed a stone giant
   400 | D:1      | Reached skill level 3 in Axes
   410 | D:1      | Reached XP level 2. HP: 27/27 MP: 2/2
   573 | D:1      | Found a faded altar of an unknown god.
   894 | D:1      | Got the Textbook on Black Rites
  1189 | D:2      | Reached XP level 3. HP: 29/33 MP: 3/3
  1562 | D:2      | Reached skill level 4 in Axes
  1752 | D:2      | Reached XP level 4. HP: 40/40 MP: 4/4
  2392 | D:3      | Found a broken altar of Ashenzari.
  2631 | D:3      | Found an ancient bone altar of Kikubaaqudgha.
  3108 | D:4      | Found a hazy altar of Hepliaklqana.
  3110 | D:4      | Noticed a gnoll sergeant
  3345 | D:4      | Reached XP level 5. HP: 47/47 MP: 5/5
  3435 | D:4      | You fall into a shaft and drop 3 floors!
  3435 | D:7      | Found a radiant altar of Vehumet.
  3492 | D:7      | Reached skill level 5 in Axes
  3607 | D:7      | Reached XP level 6. HP: 55/55 MP: 6/6
  3639 | D:7      | Found a bloodstained altar of Trog.
  3873 | D:7      | Reached skill level 5 in Fighting
  3873 | D:7      | Reached skill level 6 in Axes
  3878 | D:7      | Reached XP level 7. HP: 28/61 MP: 7/7
  4208 | D:6      | Reached skill level 7 in Axes
  4208 | D:6      | Reached skill level 5 in Armour
  4208 | D:6      | Reached skill level 5 in Shields
  4247 | D:5      | Entered Level 5 of the Dungeon
  4274 | D:5      | Reached XP level 8. HP: 19/70 MP: 8/8
  4276 | D:5      | Reached skill level 8 in Axes
  4463 | D:5      | Noticed a wyvern
  4477 | D:5      | Killed a wyvern
  4701 | D:5      | Reached skill level 9 in Axes
  4947 | D:5      | Reached XP level 9. HP: 79/79 MP: 9/9
  5289 | D:5      | Noticed Prince Ribbit
  5300 | D:5      | Reached skill level 10 in Axes
  5302 | D:5      | Killed Prince Ribbit
  5912 | D:4      | Found a stormy altar of Qazlal.
  5996 | D:4      | Noticed Menkaure
  6002 | D:4      | Killed Menkaure
  6465 | D:6      | Reached skill level 11 in Axes
  7632 | D:7      | Reached XP level 10. HP: 90/90 MP: 10/10
  7638 | D:7      | Reached skill level 12 in Axes
  7669 | D:7      | Found a shimmering altar of Xom.
  8015 | D:7      | Found a staircase to the Ecumenical Temple.
  8195 | Temple   | Entered the Ecumenical Temple
  8396 | D:8      | Found Baid's General Store.
  8728 | D:8      | Found a glowing golden altar of the Shining One.
  8760 | D:8      | Found a blossoming altar of Fedhas.
  9126 | D:9      | Reached skill level 13 in Axes
  9252 | D:9      | Noticed Harold
  9272 | D:9      | Killed Harold
  9276 | D:9      | Noticed Joseph
  9330 | D:9      | Killed Joseph
  9331 | D:9      | Reached skill level 14 in Axes
  9406 | D:9      | Noticed Erica
  9434 | D:9      | Killed Erica
  9435 | D:9      | Reached skill level 10 in Fighting
  9435 | D:9      | Reached XP level 11. HP: 35/99 MP: 11/11
  9488 | D:9      | Noticed Maurice
  9499 | D:9      | Killed Maurice
  9560 | D:9      | Identified the +1 robe of the Bulwark {rN+ Str+2}
  9837 | D:10     | Entered Level 10 of the Dungeon
  9907 | D:10     | Noticed an orange crystal statue
 10061 | D:10     | Reached skill level 15 in Axes
 10284 | D:10     | Found a transporter.
 10284 | D:10     | Noticed HilariousDeathArtist's ghost (journeyman GrAr)
 10286 | D:10     | Noticed a moth of wrath
 10307 | D:10     | Found Ceinol's Overcharged Wands.
 10308 | D:10     | Found a transporter.
 10363 | D:10     | Noticed a two-headed ogre
 10460 | D:8      | Slain by a troll

Illustrated notes

Levels and vault maps discovered:
D:1:      onia_arrival_zoo_common, layout_basic,
          chequers_ecumenical_altar_simple, serial_aquarium,
          aquarium_bridge_island_small [aquarium_subvault_small_water,
          aquarium_subvault_bridge, aquarium_subvault_bridge,
          aquarium_subvault_wall, aquarium_subvault_balcony],
          aquarium_bridge_square [aquarium_subvault_bridge,
          aquarium_subvault_window, aquarium_subvault_wall,
          aquarium_subvault_bridge], aquarium_window_fake,
          aquarium_window_corridor_2, aquarium_window_2, aquarium_window_1,
          aquarium_view_2d, aquarium_view_2d
D:2:      layout_basic
D:3:      layout_loops_corners, amcnicky_altar_gilded,
          nicolae_overflow_hidden_temple
D:4:      layout_cave_pods, lemuel_doored_altar, kennysheep_mini,
          minmay_misc_feat_encased, uniq_menkaure
D:5:      minmay_diamond_boxcup, layout_basic, uniq_prince_ribbit1
D:6:      hangedman_cross_stitches, layout_layer_cave, corner_web_ring,
          grunt_ministairs_6
D:7:      layout_loops_ring, nicolae_vehumet_altar_sigil,
          mainiacjoe_overflow_cross_hatched, xom_confusion_cloud,
          minmay_temple_entry_nine_rooms
D:8:      layout_loops_ring, mainiacjoe_overflow_two_lobes, serial_shops,
          nicolae_shop_temple_entry_statues_fountains
D:9:      layout_rooms, uniq_maurice, uniq_joseph, uniq_erica, uniq_harold
D:10:     layout_irregular_city, general_overflow_altar,
          gammafunk_ghost_berserking_beasts, minivault_15,
          nicolae_shop_overcharged_wands
Temple:   hellmonk_temple_two_chambers

Skill      XL: |  1  2  3  4  5  6  7  8  9 10 11 |
---------------+----------------------------------+-----
Axes           | 3 4 5 6 7 9 11 14 15 | 15.0
Fighting       | 4 5 6 7 8 10 | 10.4
Armour         | 4 5 6 7 9 |  9.6
Shields        | 4 5 6 |  6.6

Action                   |  1- 3 |  4- 6 |  7- 9 | 10-12 || total
-------------------------+-------+-------+-------+-------++-------
Melee: War axe           |    70 |    62 |   211 |   261 ||   604
  Use: Potion            |       |       |     2 |     1 ||     3
       Scroll            |       |       |       |     3 ||     3
 Stab: Confused          |       |       |       |     1 ||     1
Armor: Scale mail        |    29 |    29 |   121 |   177 ||   356
Dodge: Dodged            |    26 |    22 |    98 |   122 ||   268
Block: Buckler           |    15 |    13 |    46 |    82 ||   156

Table legend: (Time is in decaauts)
 A = Elapsed time spent in this place.
 B = Non-inter-level travel time spent in this place.
 C = Inter-level travel time spent in this place.
 D = Time resting spent in this place.
 E = Time spent auto-exploring this place.
 F = Levels seen in this place.
 G = Mean time per level.
                   A        B        C        D        E       F      G
               +--------+--------+--------+--------+--------+-----+--------+
         Total |  10505 |   9900 |    605 |   1223 |   6986 |  11 |  955.0 |
       Dungeon |  10432 |   9828 |    604 |   1223 |   6975 |  10 | 1043.2 |
        Temple |     72 |     71 |      1 |      0 |     11 |   1 |   72.0 |
               +--------+--------+--------+--------+--------+-----+--------+

Top non-repeatable levels by time:
     D:6: 1472 daAuts
     D:5: 1350 daAuts
     D:7: 1233 daAuts
     D:2: 1229 daAuts
     D:3: 1086 daAuts
     D:1: 1039 daAuts
     D:4: 865 daAuts
     D:9: 839 daAuts
     D:8: 777 daAuts
    D:10: 539 daAuts
  Temple: 72 daAuts
